 Dungeon Crawl Stone Soup version 0.31-a0-702-gf82c85558f (webtiles) character file.

Game seed: 18344709902639805642

157968 Gargoyl the Severer (level 17, -2/115 HPs)
             Began as a Gargoyle Berserker on Sept 6, 2023.
             Was an Elder of Trog.
             Slain by a deep elf knight
             ... wielding a +0 long sword
              (5 damage)
             ... on level 1 of the Elven Halls on Sept 8, 2023.
             The game lasted 00:43:39 (25649 turns).

Gargoyl the Severer (Gargoyle Berserker)           Turns: 25649, Time: 00:43:40

Health: -2/115     AC: 39    Str: 28    XL:     17   Next: 70%
Magic:  26/26      EV: 11    Int: 13    God:    Trog [****..]
Gold:   1221       SH:  0    Dex: 15    Spells: 16/16 levels left

rFire   . . .        A - +6 broad axe
rCold   + . .        E - +0 buckler {rC+}
rNeg    + + +        o - +1 chain mail "Errigusch" {rElec rN++ Regen+ Int+2}
rPois   ∞            L - +2 hat
rElec   +            s - +1 cloak
rCorr   .            k - +2 pair of gloves
SInv    .            p - +2 pair of boots
Will    +....        i - amulet of the acrobat Stlth
                     r - ring of Zuohiss {rElec MP+9 Int+2 Stlth-}
HPRegen 1.19/turn    H - +6 ring of strength
MPRegen 0.20/turn

%: acrobat
@: confused, flying, slowed, very slow
A: sickness immunity, AC +12, big wings, negative energy resistance 1,
electricity resistance, torment resistance 1, petrification resistance
a: Renounce Religion, Berserk, Trog's Hand, Brothers in Arms


You were on level 1 of the Elven Halls.
You worshipped Trog.
Trog was greatly pleased with you.
You visited 4 branches of the dungeon, and saw 23 of its levels.
You also visited: Sewer, Bailey and Ice Cave.

You collected 2464 gold pieces.
You spent 1243 gold pieces at shops.

Inventory:

Hand Weapons
 v - a +4 flail of protection
 A - a +6 broad axe (weapon)
 N - a +2 hand axe of flaming
Missiles
 a - a throwing net
 q - 27 poisoned darts (quivered)
Armour
 k - a +2 pair of gloves (worn)
 o - the +1 chain mail "Errigusch" (worn) {rElec rN++ Regen+ Int+2}
   (You bought it in a shop on level 14 of the Dungeon)

   Int+2:     It affects your intelligence (+2).
   rElec:     It insulates you from electricity.
   rN++:      It greatly protects you from negative energy.
   Regen+:    It increases your rate of health regeneration.
 p - a +2 pair of boots (worn)
 s - a +1 cloak (worn)
 E - a +0 buckler of cold resistance (worn)
 L - a +2 hat (worn)
Jewellery
 i - an amulet of the acrobat (around neck)
 r - the ring of Zuohiss (left hand) {rElec MP+9 Int+2 Stlth-}
   (You found it on level 4 of the Dungeon)

   [ring of magical power]

   Int+2:     It affects your intelligence (+2).
   rElec:     It insulates you from electricity.
   MP+9:      It affects your magic capacity (+9).
   Stlth-:    It makes you less stealthy.
 H - a +6 ring of strength (right hand)
Wands
 l - a wand of mindburst (9)
 w - a wand of flame (72)
 C - a wand of roots (12)
 D - a wand of light (13)
 G - a wand of charming (12)
 J - a wand of digging (6)
 R - a wand of polymorph (6)
Scrolls
 e - 3 scrolls of fog
 h - 16 scrolls of identify
 m - 5 scrolls of blinking
 x - 2 scrolls of revelation
 I - a scroll of vulnerability
 M - 8 scrolls of teleportation
 O - 3 scrolls of immolation
 P - 2 scrolls of fear
 Q - a scroll of torment
 T - 3 scrolls of poison
 W - a scroll of enchant armour
 X - a scroll of brand weapon
 Y - a scroll of silence
Potions
 b - 6 potions of resistance
 c - 3 potions of berserk rage
 d - 7 potions of might
 f - 4 potions of curing
 g - 4 potions of heal wounds
 j - a potion of cancellation
 n - 3 potions of invisibility
 t - 2 potions of mutation
 u - 2 potions of brilliance
 z - 4 potions of haste
 B - 2 potions of magic
 F - a potion of ambrosia
 K - a potion of enlightenment


   Skills:
 + Level 16.1 Fighting
 + Level 19.0 Axes
 + Level 2.3(13.7) Maces & Flails
 + Level 3.0 Throwing
 + Level 15.0 Armour
 + Level 5.0 Dodging
 + Level 5.2 Stealth
 + Level 6.4 Shields


You had 16 spell levels left.
You didn't know any spells.
Your spell library was empty.

Dungeon Overview and Level Annotations

Branches:
Dungeon (15/15) Temple (0/1) D:5 Lair (5/5) D:11 Swamp (0/4) Lair:3 Spider (0/4) Lair:3 Slime (0/5) Lair:5 Orc (2/2) D:10 Elf (1/3) Orc:2 Vaults (0/5) D:13 D:14 Depths (0/4) D:15 Sewer (visited) Bailey (visited) IceCv (visited)

Altars:
Ashenzari
Makhleb
Nemelex Xobeh
Okawaru
Qazlal
Ru
Sif Muna
Vehumet
Wu Jian
Yredelemnul
Jiyva
Lugonu

Shops:
D:14 [   Orc:1 *   Orc:2 ([=*

Portals:
Abyss: D:3

Annotations:
D:10 3 runed translucent doors, exclusion: orange crystal statue, xsansara's ghost, journeyman FeSu


Innate Abilities, Weirdness & Mutations

You are immune to sickness and miasma.
Your stone body is resilient. (AC +12)
You are immune to poison.
Your large and strong wings let you fly.
You resist negative energy. (rN+)
You are resistant to electric shocks. (rElec)
You are resistant to unholy torment.
You are immune to petrification.


Message History

You completely miss the deep elf archer.
You closely miss the deep elf pyromancer.
You completely miss the deep elf archer. x2
You barely miss the +0 scimitar of protection.
You miss something. Something completely misses you.
The deep elf archer unwields a +0 shortbow.
The deep elf archer wields a +0 dagger.
The deep elf archer closely misses you.
The deep elf pyromancer hits you but does no damage.
The +0 scimitar of protection hits you.
The deep elf archer hits you but does no damage.
Something hits you!
The deep elf archer casts a spell.
The deep elf archer blinks!
You miss the +0 scimitar of protection. You slash the deep elf archer!
You hit something. You miss the deep elf pyromancer.
You miss the deep elf archer. The +0 scimitar of protection hits you!
* * * LOW HITPOINT WARNING * * *
Something hits you but does no damage.
The deep elf pyromancer gestures at you while chanting.
The sticky flame hits you but does no damage.
You are covered in liquid flames!
The deep elf archer hits you with a +0 dagger.
* * * LOW HITPOINT WARNING * * *
The deep elf archer gestures wildly while chanting.
The deep elf archer blinks!
The +0 scimitar of protection hits you but does no damage.
The deep elf archer shoots an arrow.
The arrow barely misses you.
You bump into the granite statue.
You are covered in liquid flames!
* * * LOW HITPOINT WARNING * * *
You are no longer on fire.
You hear some strange, mumbled words.
A shard of ice appears from out of thin air!
The shard of ice hits you! You partially resist.
* * * LOW HITPOINT WARNING * * *
The +0 scimitar of protection hits you but does no damage.
The deep elf pyromancer hits you but does no damage.
The deep elf archer gestures at you while chanting.
You resist with some effort. Something hits you.
You die...

.. .. .## ########
.. ... ..# #. #.#
#.# ##.###.###.##
###...........###
##(...8e.)..8....##
#....e@(..).......#
#.8..§.{...)....8.#
#......)..........#
#....)..8.8.......#
#..e..).).........#
#.....8.....8.....#
##..))...<.......##
###.e.........###
#############


You could see 3 deep elf archers, a deep elf pyromancer and a +0 scimitar of
protection.

Vanquished Creatures
  Rupert (D:14)
  An orc warlord (Orc:2)
  The ghost of Cois the Martial Artist, a journeyman DsGl of Ru (Orc:1)
  An eleionoma (Lair:3)
  Josephine (Orc:1)
  Fannar (Lair:3)
  A deep elf high priest (Elf:1)
  A fire dragon (D:15)
  An ice dragon (D:15)
  A catoblepas (Lair:2)
  5 hydras
  An ogre mage (D:15)
  2 vault guards (Bailey)
  8 centaur warriors
  8 two-headed ogres
  A death knight (D:15)
  8 boulder beetles
  4 tengu warriors
  A dancing weapon (Elf:1)
  8 death yaks
  3 orc high priests (Orc:2)
  Urug (D:14)
  A glowing orange brain (D:13)
  Pikel (D:7)
  5 orc knights
  5 deep elf pyromancers
  A necromancer (IceCv)
  5 orc sorcerers
  7 ugly things
  16 elephants
  8 cyclopes
  5 deep elf zephyrmancers (Elf:1)
  Maurice (D:10)
  6 black mambas
  4 manticores
  An ice statue (IceCv)
  2 torpor snails
  12 cane toads
  A gargoyle (D:11)
  8 komodo dragons
  2 kobold demonologists
  A komodo dragon (shapeshifter) (D:15)
  A yaktaur (D:14)
  6 rime drakes
  A tengu conjurer (D:13)
  6 freezing wraiths
  13 ice devils (IceCv)
  3 trolls
  6 polar bears
  3 meliai (D:14)
  The ghost of KittenThatBark the Changeling, an amateur DrSh (D:6)
  4 hornets (Lair:5)
  16 blink frogs
  Prince Ribbit (Bailey)
  5 dream sheep (Lair:5)
  A centaur simulacrum (D:13)
  2 vampires
  47 yaks
  A shadow (D:10)
  4 wraiths (Orc:1)
  12 spriggans (Lair:5)
  4 wyverns
  4 dire elephant simulacra (IceCv)
  16 slime creatures
  17 humans
  8 basilisks
  4 death yak simulacra (IceCv)
  8 vampire mosquitoes
  A two-headed ogre zombie (D:10)
  5 wargs
  Edmund (D:5)
  A harpy simulacrum (IceCv)
  8 water moccasins
  An acid dragon (D:7)
  4 ice beasts
  25 orc warriors
  2 sky beasts (D:7)
  6 black bears
  4 boggarts (Lair:5)
  10 ogres
  9 centaurs
  36 wolves
  2 phantoms
  6 kobold brigands
  A lemure (D:7)
  27 bullfrogs
  A gnoll sergeant (D:9)
  3 scorpions (Lair:3)
  3 cane toad simulacra (IceCv)
  A two-headed ogre simulacrum (IceCv)
  9 wights
  2 troll zombies (D:10)
  4 elephant simulacra (IceCv)
  12 killer bees
  2 electric eels
  4 hounds
  8 orc priests
  3 jellies
  3 iguanas
  14 orc wizards
  A spriggan simulacrum (IceCv)
  5 polar bear simulacra (IceCv)
  A troll simulacrum (IceCv)
  4 wolf simulacra (IceCv)
  5 ogre zombies (D:10)
  14 adders
  13 gnolls
  A naga simulacrum (IceCv)
  A shadow imp (D:7)
  A white imp (D:5)
  4 ufetubi
  6 worms
  64 orcs
  10 ball pythons
  7 endoplasms
  11 giant cockroaches
  6 goblins
  4 hobgoblins
  4 jackals
  2 quokkas
  7 bats
  7 frilled lizards
  A goblin skeleton (D:10)
  4 goblin zombies (D:10)
  2 hobgoblin skeletons (D:10)
  2 hobgoblin zombies (D:10)
  17 kobolds
  6 orc skeletons (D:10)
  10 orc zombies (D:10)
  6 rats
790 creatures vanquished.

Vanquished Creatures (collateral kills)
  Gastronok (Lair:2)
  The ghost of Beaer the Fighter, a journeyman DsFi of Okawaru (Lair:2)
  2 hydras
  An orc high priest (Orc:2)
  2 deep elf pyromancers (Elf:1)
  2 yaks (Lair:2)
  A wyvern (Lair:3)
  A human (D:14)
  A water moccasin (Lair:2)
  An orc warrior (Orc:2)
13 creatures vanquished.

Vanquished Creatures (others)
  A cane toad (Lair:5)
  A spectral weapon (Bailey)
2 creatures vanquished.

Grand Total: 805 creatures vanquished

Notes
Turn   | Place    | Note
-------+----------+-------------------------------------------
     0 | D:1      | Gargoyl the Gargoyle Berserker began the quest for the Orb.
     0 | D:1      | Reached XP level 1. HP: 14/14 MP: 1/1
   135 | D:1      | Found a faded altar of an unknown god.
   200 | D:1      | Reached XP level 2. HP: 19/19 MP: 2/2
   479 | D:1      | Reached skill level 3 in Axes
   876 | D:2      | Reached XP level 3. HP: 24/24 MP: 3/3
  1053 | D:2      | Found a radiant altar of Vehumet.
  1457 | D:2      | Reached ** piety under Trog
  1776 | D:3      | Reached XP level 4. HP: 25/29 MP: 4/4
  1832 | D:3      | Found a large runed translucent door.
  1833 | D:3      | Found a large runed translucent door.
  1833 | D:3      | Found a corrupted altar of Lugonu.
  1864 | D:3      | Found a one-way gate to the infinite horrors of the Abyss.
  2579 | D:4      | Found a glowing drain.
  2590 | D:4      | Reached skill level 4 in Axes
  2597 | Sewer    | Entered a sewer
  2647 | Sewer    | Reached XP level 5. HP: 33/33 MP: 5/5
  2845 | Sewer    | Reached XP level 6. HP: 29/38 MP: 6/6
  2871 | Sewer    | Reached skill level 5 in Axes
  3226 | D:4      | Identified the ring of Zuohiss {rElec MP+9 Int+2 Stlth-}
  3455 | D:4      | Reached *** piety under Trog
  3777 | D:5      | Entered Level 5 of the Dungeon
  3986 | D:5      | Noticed a black bear
  3992 | D:5      | Killed a black bear
  3993 | D:5      | Reached XP level 7. HP: 44/44 MP: 7/7
  4127 | D:5      | Reached skill level 6 in Axes
  4130 | D:5      | Found a staircase to the Ecumenical Temple.
  4166 | D:5      | HP: 2/44 [ice beast (10)]
  4171 | D:5      | Reached skill level 5 in Armour
  4365 | D:5      | You fall into a shaft and drop 2 floors!
  4365 | D:7      | Found a stormy altar of Qazlal.
  4446 | D:7      | Reached XP level 8. HP: 44/48 MP: 8/8
  4453 | D:6      | Found an iron altar of Okawaru.
  4544 | D:6      | Found a broken altar of Ashenzari.
  4606 | D:6      | Reached skill level 5 in Fighting
  4631 | D:6      | Noticed a two-headed ogre
  4633 | D:6      | Noticed KittenThatBark's ghost (amateur DrSh)
  4635 | D:6      | Found a transporter.
  4725 | D:6      | Found a transporter.
  4819 | D:6      | Reached skill level 7 in Axes
  5203 | D:5      | Noticed Edmund
  5213 | D:5      | Killed Edmund
  5214 | D:5      | Reached skill level 1 in Stealth
  5973 | D:6      | Found a burning altar of Makhleb.
  6030 | D:6      | Killed a two-headed ogre
  6031 | D:6      | Reached skill level 8 in Axes
  6031 | D:6      | Reached XP level 9. HP: 55/55 MP: 9/9
  6031 | D:6      | Killed KittenThatBark's ghost
  6095 | D:7      | Identified the +2 leather armour of Mezcal {+Blink rF-
                  | Int+6}
  6105 | D:7      | Found a sparkling altar of Nemelex Xobeh.
  6182 | D:7      | Noticed Pikel
  6251 | D:7      | Killed Pikel
  6252 | D:7      | Reached skill level 9 in Axes
  6507 | D:7      | Found an ornate altar of the Wu Jian Council.
  6569 | D:7      | Reached XP level 10. HP: 41/61 MP: 10/10
  6829 | D:8      | Found a flagged portal.
  6847 | Bailey   | Entered a bailey
  7065 | Bailey   | Noticed Prince Ribbit
  7065 | Bailey   | Noticed a vault guard
  7234 | Bailey   | Killed a vault guard
  7235 | Bailey   | Reached skill level 10 in Axes
  7235 | Bailey   | Reached skill level 1 in Throwing
  7257 | Bailey   | Killed Prince Ribbit
  7340 | Bailey   | Noticed a vault guard
  7367 | Bailey   | Killed a vault guard
  7619 | D:8      | Reached **** piety under Trog
  7658 | D:8      | Noticed a two-headed ogre
  7667 | D:8      | Killed a two-headed ogre
  7668 | D:8      | Reached skill level 10 in Armour
  7668 | D:8      | Reached XP level 11. HP: 68/68 MP: 11/11
  7924 | D:8      | Found a shimmering blue altar of Sif Muna.
  8111 | D:8      | Noticed a two-headed ogre
  8121 | D:8      | Killed a two-headed ogre
  8122 | D:8      | Reached skill level 11 in Axes
  9003 | D:9      | Noticed a two-headed ogre
  9012 | D:9      | Killed a two-headed ogre
  9431 | D:10     | Entered Level 10 of the Dungeon
  9432 | D:10     | Identified a scroll of acquirement
  9432 | D:10     | Acquired a +2 executioner's axe of holy wrath
  9450 | D:10     | Found a staircase to the Orcish Mines.
  9466 | D:10     | HP: 3/68 [something (17)]
  9885 | D:10     | Found a runed translucent gate.
  9885 | D:10     | Found a runed translucent gate.
  9887 | D:10     | Found a runed translucent gate.
  9888 | D:10     | Noticed an 11-headed hydra
  9888 | D:10     | Noticed xsansara's ghost (journeyman FeSu)
 10166 | D:10     | Noticed an orange crystal statue
 10254 | D:10     | Noticed Maurice
 10273 | D:10     | Killed Maurice
 10398 | D:10     | Found a sacrificial altar of Ru.
 10594 | D:11     | Noticed a manticore
 10597 | D:11     | Noticed a cyclops
 10611 | D:11     | Killed a cyclops
 10614 | D:11     | Killed a manticore
 10689 | D:11     | Noticed a boulder beetle
 10706 | D:11     | Reached skill level 12 in Axes
 10708 | D:11     | Killed a boulder beetle
 10709 | D:11     | Reached XP level 12. HP: 23/75 MP: 12/12
 11077 | D:11     | Found a staircase to the Lair.
 11372 | Lair:1   | Entered Level 1 of the Lair of Beasts
 11443 | Lair:1   | Reached ***** piety under Trog
 11603 | Lair:1   | Reached skill level 5 in Stealth
 12279 | Lair:2   | Noticed Gastronok
 12294 | Lair:2   | Killed Gastronok
 12295 | Lair:2   | Reached skill level 13 in Axes
 12403 | Lair:2   | Reached skill level 10 in Fighting
 12513 | Lair:2   | Noticed a catoblepas
 12530 | Lair:2   | Killed a catoblepas
 12721 | Lair:2   | Noticed a seven-headed hydra
 12735 | Lair:2   | Killed a seven-headed hydra
 12979 | Lair:2   | Reached XP level 13. HP: 35/83 MP: 13/13
 13378 | Lair:2   | Found a runed translucent door.
 13384 | Lair:2   | Noticed Beaer's ghost (journeyman DsFi)
 13401 | Lair:2   | Killed Beaer's ghost
 13402 | Lair:2   | Reached skill level 14 in Axes
 13823 | Lair:3   | Found a hole to the Spider Nest.
 14263 | Lair:3   | Noticed Fannar
 14270 | Lair:3   | Noticed an eleionoma
 14279 | Lair:3   | Killed Fannar
 14642 | Lair:3   | Reached skill level 15 in Axes
 14648 | Lair:3   | Killed an eleionoma
 14656 | Lair:3   | Found a staircase to the Swamp.
 14978 | Lair:3   | Upgraded the game from 0.31-a0-690-g7ce4588941 to
                  | 0.31-a0-702-gf82c85558f
 15213 | Lair:4   | Identified the +3 robe of the Sun {rPois}
 15242 | Lair:4   | Found a frozen archway.
 15261 | IceCv    | Entered an ice cave
 15492 | IceCv    | Gained mutation: Your large and strong wings let you fly.
                  | [Gargoyle growth]
 15492 | IceCv    | Reached XP level 14. HP: 91/91 MP: 14/14
 16007 | IceCv    | Found an ancient bone altar of Kikubaaqudgha.
 16042 | IceCv    | Reached skill level 16 in Axes
 16283 | IceCv    | Reached skill level 1 in Shields
 17267 | Lair:5   | Entered Level 5 of the Lair of Beasts
 17292 | Lair:4   | Reached skill level 1 in Maces & Flails
 17724 | Lair:5   | Reached skill level 17 in Axes
 17863 | Lair:5   | Found a staircase to the Slime Pits.
 17863 | Lair:5   | Found a viscous altar of Jiyva.
 18166 | Lair:5   | Reached XP level 15. HP: 98/98 MP: 15/15
 20914 | D:14     | Noticed Rupert
 20914 | D:14     | Noticed Urug
 20914 | D:14     | Found a gate to the Vaults.
 20929 | D:14     | Killed Rupert
 20981 | D:13     | Reached skill level 18 in Axes
 21127 | D:14     | Killed Urug
 21971 | D:14     | Reached skill level 5 in Shields
 21971 | D:14     | Reached XP level 16. HP: 100/107 MP: 16/16
 22137 | D:14     | Reached XP level 17. HP: 77/112 MP: 17/17
 22632 | D:14     | Found Viosk's Antique Armour Shop.
 22638 | D:14     | Bought a shiny chain mail for 150 gold pieces
 22651 | D:14     | Bought a steaming chain mail for 190 gold pieces
 22651 | D:14     | Identified the +1 chain mail "Errigusch" {rElec rN++ Regen+
                  | Int+2} (You bought it in a shop on level 14 of the Dungeon)
 22859 | D:15     | Entered Level 15 of the Dungeon
 23025 | D:15     | Reached skill level 15 in Fighting
 23061 | D:15     | Found a staircase to the Depths.
 23162 | D:15     | Identified the +1 robe of the Barber Surgeon {rF+ Int-2
                  | SInv}
 23181 | D:15     | Found a basalt altar of Yredelemnul.
 23393 | D:15     | Identified the +1 halberd "Xoheosk" {heavy, Stlth+}
 24005 | Orc:1    | Entered Level 1 of the Orcish Mines
 24055 | Orc:1    | Noticed Josephine
 24070 | Orc:1    | Killed Josephine
 24223 | Orc:1    | Found Vatef's Assorted Antiques.
 24279 | Orc:1    | Bought a scroll of teleportation for 102 gold pieces
 24279 | Orc:1    | Bought a scroll of teleportation for 102 gold pieces
 24279 | Orc:1    | Bought a scroll of teleportation for 102 gold pieces
 24279 | Orc:1    | Bought a scroll of enchant weapon for 255 gold pieces
 24390 | Orc:1    | Found a transporter.
 24393 | Orc:1    | Noticed Cois's ghost (journeyman DsGl)
 24412 | Orc:1    | Found a transporter.
 24622 | Orc:1    | Killed Cois's ghost
 24662 | Orc:2    | Entered Level 2 of the Orcish Mines
 24662 | Orc:2    | Found a staircase to the Elven Halls.
 24665 | Orc:2    | Paralysed by an orc sorcerer for 2 turns
 24846 | Orc:2    | Found Pof Set's Jewellery Boutique.
 24899 | Orc:2    | Found Pyogg's Antique Armour Shoppe.
 25023 | Orc:2    | Bought a jewelled helmet for 342 gold pieces
 25023 | Orc:2    | Identified the +2 helmet of the Sun {Harm rPois} (You
                  | bought it in a shop on level 2 of the Orcish Mines)
 25068 | Orc:2    | Found Virounez's General Store.
 25077 | Orc:2    | Reached skill level 5 in Dodging
 25248 | Orc:2    | Found Duetrem's Antique Weapon Emporium.
 25523 | Elf:1    | Entered Level 1 of the Elven Halls
 25548 | Elf:1    | Reached skill level 19 in Axes
 25598 | Elf:1    | Reached skill level 15 in Armour
 25649 | Elf:1    | HP: 3/115 [something/shard of ice (13)]
 25649 | Elf:1    | Slain by a deep elf knight

Illustrated notes

Levels and vault maps discovered:
D:1:      amcnicky_arrival_blooded_trapdoor, layout_loops_cross,
          chequers_ecumenical_altar_simple_redux
D:2:      layout_loops_ring, basic_altar, grunt_decor_clamped
D:3:      due_chaos_kobolds, layout_loops_corners
D:4:      layout_gridville, cheibrodos_sewer_entry_sluice
D:5:      layout_layer_cave, minmay_temple_entry_sparse_star,
          minmay_strange_pillars, kennysheep_generic_room_3, uniq_edmund
D:6:      layout_rooms, evilmike_ruin_ashenzari, mainiacjoe_overflow_boulevard,
          mainiacjoe_overflow_tiny_flanked, gammafunk_ghost_arena
D:7:      layout_basic, mainiacjoe_overflow_cross_hatched,
          nemelex_diamond_rough_becter, grunt_qazlal_clouds, uniq_pikel
D:8:      minmay_octagon_keep, layout_loops_corners, marbit_many_paths,
          lightli_bailey_entry_fortress
D:9:      layout_irregular_city
D:10:     layout_loops_ring, nicolae_ru_path_of_blood, zombieorc2_lemuel,
          gammafunk_ghost_hydra_chop, disabler_island, uniq_maurice
D:11:     layout_gridville, david_lair_shrubbed, st_stairs_8
D:12:     layout_gridville
D:13:     layout_basic
D:14:     kennysheep_room_grid, layout_irregular_city, david_vaults_3,
          serial_shops, shop, minmay_misc_feat_nine_boxes, grunt_ministairs_13,
          nicolae_letterblocks [nicolae_letter_subblock,
          nicolae_letter_subblock, nicolae_letter_subblock,
          nicolae_letter_subblock, nicolae_letter_subblock,
          nicolae_letter_subblock, nicolae_letter_subblock,
          nicolae_letter_subblock, nicolae_letter_subblock,
          nicolae_letter_subblock, nicolae_letter_subblock,
          nicolae_letter_subblock, nicolae_letter_subblock,
          nicolae_letter_subblock, nicolae_letter_subblock,
          nicolae_letter_subblock, nicolae_letter_subblock,
          nicolae_letter_subblock, nicolae_letter_subblock,
          nicolae_letter_subblock, nicolae_letter_subblock,
          nicolae_letter_subblock, nicolae_letter_subblock,
          nicolae_letter_subblock, nicolae_letter_subblock]
D:15:     grunt_enter_depths_hoard, layout_gridville, kennysheep_flooded_box,
          yredelemnul_altar_generic
Lair:1:   hellmonk_ruined_rings, layout_misc_corridors, fungi_pond_lemuel,
          chequers_serial_rivers_micro_e, minmay_hedge_maze
Lair:2:   layout_hall_layers, ebering_ghost_inner_flame, serial_bayou_shore_b,
          uniq_gastronok
Lair:3:   layout_chaotic_city, alex1729_swamp_entry_worm_eleionoma,
          nicolae_spider_entry_non_spiders, uniq_fannar
Lair:4:   layout_gridlike, portal_ice_cave_rime, beast_lair_carwin_10
Lair:5:   minmay_lair_end_enchanted_forest, layout_regular_city, slime_entry_1,
          wad_woods_road_05, serial_bayou_shore_a, infiniplex_staircase_pool
Orc:1:    layout_caves, serial_shops,
          nicolae_shop_temple_entry_statues_fountains, gammafunk_ghost_arena,
          uniq_josephine
Orc:2:    grunt_orc_gardens, layout_caves, grunt_orc_garden, grunt_orc_garden,
          grunt_orc_garden, grunt_orc_garden
Elf:1:    elf_arrival_002, layout_geoelf_diagonals, serial_shops,
          nicolae_lakefront_shop, nicolae_shop_just_a_little_nook, shop,
          nicolae_shop_bloodbath_and_beyond, basic_altar, minmay_elf_demonology,
          nicolae_elf_free_trip_to_the_abyss

Skill      XL: |  1  2  3  4  5  6  7  8  9 10 11 12 13 14 15 16 17 |
---------------+----------------------------------------------------+-----
Axes           | 3 4 5 6 8 9 10 12 13 15 17 18 19 | 19.0
Fighting       | 4 5 6 7 8 10 11 13 14 16 | 16.1
Dodging        | 2 3 4 5 |  5.0
Armour         | 3 4 5 6 8 10 11 12 13 14 15 | 15.0
Stealth        | 1 2 4 5 |  5.2
Throwing       | 2 3 |  3.0
Shields        | 2 5 6 |  6.4
Maces & Flails | 1 2 |  2.3

Action                     |  1- 3 |  4- 6 |  7- 9 | 10-12 | 13-15 | 16-18 || total
---------------------------+-------+-------+-------+-------+-------+-------++-------
  Melee: Hand axe          |   163 |   194 |   207 |   571 |       |       ||  1135
         Punch             |     1 |     1 |     3 |    16 |     2 |       ||    23
         Broad axe         |       |       |       |   131 |  1109 |   348 ||  1588
         Flail             |       |       |       |     6 |    29 |     5 ||    40
  Throw: Dart              |       |       |     8 |    18 |    12 |       ||    38
 Invoke: Berserk           |     1 |     3 |     6 |    15 |    27 |     8 ||    60
         Trog's Hand       |       |     1 |     3 |    13 |    27 |     9 ||    53
         Brothers in Arms  |       |       |       |     2 |     3 |     4 ||     9
  Evoke: Wand              |       |       |       |       |     1 |       ||     1
    Use: Scroll            |     7 |     1 |     7 |    13 |    22 |     2 ||    52
         Potion            |       |       |     1 |     4 |     5 |     1 ||    11
   Stab: Distracted        |       |       |     2 |    12 |       |       ||    14
 Armour: Animal skin       |    71 |       |       |       |       |       ||    71
         Plate armour      |    57 |   173 |   162 |   624 |  1389 |    42 ||  2447
         Chain mail        |       |       |       |       |       |   350 ||   350
  Dodge: Dodged            |   124 |   109 |   101 |   377 |   723 |   289 ||  1723
  Block: Buckler           |       |       |       |       |   222 |    94 ||   316

Table legend: (Time is in decaauts)
 A = Elapsed time spent in this place.
 B = Non-inter-level travel time spent in this place.
 C = Inter-level travel time spent in this place.
 D = Time resting spent in this place.
 E = Time spent auto-exploring this place.
 F = Levels seen in this place.
 G = Mean time per level.
                   A        B        C        D        E       F      G
               +--------+--------+--------+--------+--------+-----+--------+
         Total |  25831 |  24859 |    972 |   2861 |  15768 |  26 |  993.5 |
       Dungeon |  15238 |  14550 |    688 |   1016 |  10327 |  15 | 1015.9 |
          Lair |   6405 |   6252 |    153 |   1006 |   3679 |   5 | 1281.0 |
  Orcish Mines |   1494 |   1364 |    130 |     30 |    934 |   2 |  747.0 |
   Elven Halls |    130 |    130 |      0 |     12 |     15 |   1 |  130.0 |
         Sewer |    584 |    584 |      0 |      0 |    269 |   1 |  584.0 |
        Bailey |    577 |    577 |      0 |    101 |    250 |   1 |  577.0 |
      Ice Cave |   1399 |   1399 |      0 |    694 |    292 |   1 | 1399.0 |
               +--------+--------+--------+--------+--------+-----+--------+

Top non-repeatable levels by time:
  Lair:5: 1847 daAuts
  Lair:2: 1770 daAuts
     D:5: 1563 daAuts
    D:14: 1539 daAuts
   IceCv: 1399 daAuts
     D:8: 1319 daAuts
  Lair:3: 1077 daAuts
    D:13: 1076 daAuts
    D:11: 1063 daAuts
    D:10: 1015 daAuts
     D:3: 1005 daAuts
    D:15: 1003 daAuts
    D:12: 954 daAuts
  Lair:4: 928 daAuts
     D:9: 856 daAuts
